 Dungeon Crawl Stone Soup version 0.30-a0-743-gbfdf073431 (webtiles) character file.

Game seed: 1219654691388684869

441 MachoJfn the Chopper (level 6, -1/48 HPs)
             Began as a Demonspawn Berserker on Feb 6, 2023.
             Was a Believer of Trog.
             Killed from afar by Ijyb (19 damage)
             ... with a bolt of dispelling energy
             ... on level 4 of the Dungeon.
             The game lasted 00:14:38 (4094 turns).

MachoJfn the Chopper (Demonspawn Berserker)         Turns: 4094, Time: 00:14:39

Health: -1/48      AC: 13    Str: 20    XL:     6   Next: 70%
Magic:  6/6        EV:  8    Int:  8    God:    Trog [**....]
Gold:   179        SH:  0    Dex: 12    Spells: 5/5 levels left

rFire   . . .      SeeInvis .    r - +3 quarterstaff (chaos)
rCold   . . .      Faith    .    (shield currently unavailable)
rNeg    . . .      Spirit   .    o - +0 chain mail
rPois   .          Reflect  .    l - +1 helmet
rElec   .          Harm     .    s - +0 cloak {Will+}
rCorr   .          Rampage  .    (no gloves)
Will    +....                    n - +0 pair of boots Stlth
                                 b - amulet of regeneration
HPRegen 1.08/turn                (no ring)
MPRegen 0.10/turn                (no ring)

@: no status effects
A: hooves 2, demonic guardian 1
a: Renounce Religion, Berserk, Trog's Hand


You were on level 4 of the Dungeon.
You worshipped Trog.
Trog was pleased with you.
You visited 1 branch of the dungeon, and saw 4 of its levels.

You collected 179 gold pieces.

Inventory:

Hand Weapons
 a - a +0 hand axe of freezing
 r - a +3 quarterstaff of chaos (weapon)
Armour
 l - a +1 helmet (worn)
 n - a +0 pair of boots (worn)
 o - a +0 chain mail (worn)
 s - a +0 cloak of willpower (worn)
Jewellery
 b - an amulet of regeneration (around neck)
Wands
 c - a wand of paralysis (7)
 g - a wand of quicksilver (6)
Scrolls
 d - 5 scrolls of identify
 h - 3 scrolls of amnesia
 i - a scroll of magic mapping {unknown}
 k - a scroll of immolation {unknown}
 m - a scroll of blinking {unknown}
 p - a scroll of fear {unknown}
 u - a scroll of summoning {unknown}
Potions
 e - 2 potions of haste
 f - a potion of attraction {unknown}
 j - a potion of curing
 q - a potion of heal wounds
 t - a potion of ambrosia {unknown}


   Skills:
 + Level 4.1 Fighting
 + Level 5.0 Axes
 + Level 1.2 Staves
 + Level 3.1 Armour
 + Level 2.4 Dodging
 + Level 1.5 Stealth
 + Level 0.1 Evocations


You had 5 spell levels left.
You didn't know any spells.
Your spell library contained the following spells:

 Spells                   Type           Power      Damage    Failure   Level
 Inner Flame              Hex/Fire       0%         N/A       100%        3
 Cause Fear               Hex            0%         N/A       100%        4
 Discord                  Hex            0%         N/A       100%        8


Dungeon Overview and Level Annotations

Branches:
Dungeon (4/15)
 Temple: D:4-7

Altars:
Uskayaw

Annotations:
D:4 Ijyb


Innate Abilities, Weirdness & Mutations

You have hoof-like feet.
A weak demonic guardian rushes to your aid.


Message History

You feel very sick.
The kobold hits you with a +2 whip of electrocution.
The scorpion stings you but does no damage.
The kobold closely misses you.
You sock the kobold! Lightning courses through the kobold!!
You kill the kobold!
Trog accepts your kill.
You feel very sick. The scorpion closely misses you.
The scorpion stings you but does no damage.
You feel sick. The scorpion closely misses you.
Items here: ! ( ) ? †.
You closely miss the scorpion.
The scorpion is severely wounded.
You feel sick. The scorpion completely misses you.
The scorpion closely misses you.
You sock the scorpion! You burn the scorpion.
You kill the scorpion!
Trog accepts your kill.
You feel sick.
Your Axes skill increases to level 5!
Your Staves skill increases to level 1!
Your Armour skill increases to level 3!
You start resting.
You feel sick. x4
You are no longer poisoned.
You start resting.
Ijyb the Twisted Goblin comes into view.
She is wielding a +2 spectral club and carrying a wand of quicksilver (10).
Ijyb is nearby!
Ijyb is nearby!
Ijyb shouts!
A quokka comes into view.
You completely miss Ijyb.
Ijyb zaps a wand.
The bolt of dispelling energy hits you! Ijyb barely misses you.
You hit Ijyb.
Ijyb is lightly wounded.
Ijyb hits you with a +2 spectral club.
You closely miss Ijyb.
Ijyb is lightly wounded.
The quokka barely misses you.
Ijyb zaps a wand.
The bolt of dispelling energy hits you!!
You die...

.......................
#.............#....#..##
#.....$.......#.##......
#...........####.#######
#......)......#...#####.
#........)##...#.......
##.........####...#####.
#..........#####.##
#......@r......#.#
#......g...###.#.#
#..............#.#
#............###.#
##.........#..#...
##......#.##...#.
########.# ##. .#


You could see Ijyb and a quokka.

Vanquished Creatures
  3 scorpions (D:4)
  2 hounds (D:4)
  2 orc priests (D:3)
  Crazy Yiuf (D:2)
  Terence (D:2)
  2 adders
  5 orcs (D:3)
  7 ball pythons
  3 bats
  3 endoplasms
  A giant cockroach (D:2)
  10 goblins
  4 hobgoblins
  2 jackals (D:4)
  3 quokkas
  8 frilled lizards
  4 kobolds
  5 rats
66 creatures vanquished.

Notes
Turn   | Place    | Note
-------+----------+-------------------------------------------
     0 | D:1      | MachoJfn the Demonspawn Berserker began the quest for the
                  | Orb.
     0 | D:1      | Reached XP level 1. HP: 18/18 MP: 1/1
     7 | D:1      | You fall into a shaft and drop 1 floor!
   163 | D:2      | Found a runed translucent door.
   164 | D:2      | Noticed Crazy Yiuf
   572 | D:2      | Noticed Terence
   575 | D:2      | Reached skill level 3 in Axes
   575 | D:2      | Gained mutation: You have large cloven feet. [demonic
                  | ancestry]
   575 | D:2      | Reached XP level 2. HP: 15/24 MP: 2/2
   584 | D:2      | Killed Terence
   585 | D:2      | Reached skill level 1 in Stealth
   585 | D:2      | Gained mutation: You have hoof-like feet. [demonic
                  | ancestry]
   585 | D:2      | Reached XP level 3. HP: 9/29 MP: 3/3
  1747 | D:1      | Reached ** piety under Trog
  2327 | D:1      | Reached XP level 4. HP: 37/37 MP: 4/4
  2955 | D:3      | Gained mutation: A weak demonic guardian rushes to your
                  | aid. [demonic ancestry]
  2955 | D:3      | Reached XP level 5. HP: 7/42 MP: 5/5
  3255 | D:3      | Found a faded altar of an unknown god.
  3592 | D:2      | Killed Crazy Yiuf
  3593 | D:2      | Reached skill level 4 in Axes
  3792 | D:4      | Reached XP level 6. HP: 43/48 MP: 6/6
  3845 | D:4      | Found a hide-covered altar of Uskayaw.
  4081 | D:4      | Reached skill level 5 in Axes
  4081 | D:4      | Reached skill level 1 in Staves
  4088 | D:4      | Noticed Ijyb
  4094 | D:4      | Killed from afar by Ijyb

Illustrated notes

Levels and vault maps discovered:
D:1:      lightli_molten_gateway, layout_basic, minmay_domino_2
D:2:      layout_loops_ring, uniq_crazy_yiuf_cottage, uniq_terence
D:3:      layout_basic, hellmonk_ecumenical_altar_run_dry
D:4:      layout_rooms, mainiacjoe_overflow_tiny_flanked,
          nicolae_concentric_dashed_squares_mild, minmay_misc_feat_tower,
          uniq_ijyb

Skill      XL: |  1  2  3  4  5  6 |
---------------+-------------------+-----
Axes           | 3 4 5 |  5.0
Stealth        | 1 |  1.5
Armour         | 2 3 |  3.1
Dodging        | 2 |  2.4
Fighting       | 4 |  4.1
Staves         | 1 |  1.2
Evocations     | |  0.1

Action                     |  1- 3 |  4- 6 || total
---------------------------+-------+-------++-------
  Melee: Hand axe          |    76 |    60 ||   136
         Kick              |     9 |     7 ||    16
         Quarterstaff      |       |    52 ||    52
 Invoke: Berserk           |       |     2 ||     2
  Evoke: Wand              |     2 |       ||     2
    Use: Scroll            |       |     5 ||     5
         Potion            |       |     2 ||     2
   Stab: Paralysed         |     4 |       ||     4
         Sleeping          |     1 |       ||     1
 Armour: Animal skin       |    19 |       ||    19
         Scale mail        |     3 |    17 ||    20
         Ring mail         |     1 |       ||     1
         Chain mail        |       |    39 ||    39
  Dodge: Dodged            |    44 |    55 ||    99

Table legend: (Time is in decaauts)
 A = Elapsed time spent in this place.
 B = Non-inter-level travel time spent in this place.
 C = Inter-level travel time spent in this place.
 D = Time resting spent in this place.
 E = Time spent auto-exploring this place.
 F = Levels seen in this place.
 G = Mean time per level.
                   A        B        C        D        E       F      G
               +--------+--------+--------+--------+--------+-----+--------+
         Total |   4141 |   2946 |   1195 |    650 |   1765 |   4 | 1035.2 |
       Dungeon |   4141 |   2946 |   1195 |    650 |   1765 |   4 | 1035.2 |
               +--------+--------+--------+--------+--------+-----+--------+

Top non-repeatable levels by time:
     D:1: 1585 daAuts
     D:2: 1381 daAuts
     D:3: 792 daAuts
     D:4: 383 daAuts
